 Dungeon Crawl Stone Soup version 0.29.1-13-g9f3cf754e1 (webtiles) character file.

Game seed: 6936820669416678602

245 khekkus the Chopper (level 6, -1/82 HPs)
             Began as a Hill Orc Fighter on Jan 25, 2023.
             Slain by mopl's ghost (12 damage)
             ... on level 3 of the Dungeon.
             The game lasted 00:06:31 (2855 turns).

khekkus the Chopper (Hill Orc Fighter)              Turns: 2855, Time: 00:06:32

Health: -1/82      AC:  8    Str: 27    XL:     6   Next: 10%
Magic:  6/6        EV:  9    Int:  8    God:
Gold:   144        SH:  4    Dex:  6    Spells: 5/5 levels left

rFire   x . .      SeeInvis .   a - +0 war axe
rCold   + . .      Faith    .   c - +0 buckler
rNeg    . . .      Spirit   .   b - +0 scale mail
rPois   .          Reflect  .   m - +0 helmet
rElec   .          Harm     .   (no cloak)
rCorr   +          Rampage  .   (no gloves)
Will    .....                   (no boots)
Stlth   ..........              (no amulet)
HPRegen 0.23/turn               o - ring of Keot {Ice rCorr Str+6 Dex-4}
MPRegen 0.10/turn               (no ring)

@: berserking, very quick
A: no striking features
a: no special abilities


You were on level 3 of the Dungeon.
You visited 1 branch of the dungeon, and saw 3 of its levels.

You collected 144 gold pieces.

Inventory:

Hand Weapons
 a - a +0 war axe (weapon)
Missiles
 k - 25 stones (quivered)
Armour
 b - a +0 scale mail (worn)
 c - a +0 buckler (worn)
 m - a +0 helmet (worn)
Jewellery
 e - a ring of ice
 o - the ring of Keot (left hand) {Ice rCorr Str+6 Dex-4}
   (You found it on level 2 of the Dungeon)

   [ring of ice]

   It enhances your ice magic.
   Str:       It affects your strength (+6).
   Dex:       It affects your dexterity (-4).
   rF:        It makes you vulnerable to fire.
   rC:        It protects you from cold.
   rCorr:     It protects you from acid and corrosion.
Scrolls
 f - a scroll of fear {unknown}
 g - a scroll of magic mapping {unknown}
 n - a scroll of silence
 p - a scroll of teleportation {unknown}
Potions
 i - a potion of curing
 j - a potion of haste {unknown}
 l - a potion of degeneration {unknown}


   Skills:
 + Level 4.9 Fighting
 * Level 5.7 Axes
 + Level 1.5 Throwing
 + Level 4.4 Armour
 - Level 3.2 Shields


You had 5 spell levels left.
You didn't know any spells.
Your spell library contained the following spells:

 Spells                   Type           Power      Damage    Failure   Level
 Magic Dart               Conj           0%         1d3       77%         1
 Call Imp                 Summ           0%         N/A       88%         2
 Mephitic Cloud           Conj/Pois/Air  0%         N/A       98%         3


Dungeon Overview and Level Annotations

Branches:
Dungeon (3/15)

Altars:
Vehumet

Shops:
D:2 :

Annotations:
D:3 mopl's ghost, amateur PaFi


Message History

The bullfrog hits you!
Mopl's ghost says, "You must not succeed where I failed!"
The bullfrog closely misses you.
You closely miss the bullfrog.
The bullfrog is heavily wounded.
The bullfrog closely misses you. The bullfrog hits you.
You barely miss the bullfrog.
The bullfrog is heavily wounded.
You hear the rapid rusting of a drain nearby.
The bullfrog hits you but does no damage.
The bullfrog barely misses you.
You closely miss the bullfrog.
The bullfrog is heavily wounded.
The bullfrog barely misses you. The bullfrog hits you.
You slash the bullfrog!
You kill the bullfrog!
You block the adder's attack.
You have reached level 6!
You barely miss the adder. The adder closely misses you.
The adder bites you but does no damage.
You hit the adder but do no damage. The adder bites you but does no damage.
You slash the adder!
You kill the adder!
Mopl's ghost hits you!
A red film seems to cover your vision as you go berserk!
You feel yourself moving faster!
You feel mighty! Mopl's ghost hits you!
You barely miss mopl's ghost. Mopl's ghost hits you.
* * * LOW HITPOINT WARNING * * *
You hit mopl's ghost but do no damage. Mopl's ghost hits you!
* * * LOW HITPOINT WARNING * * *
You slash mopl's ghost!
Mopl's ghost is moderately damaged.
You barely miss mopl's ghost.
Mopl's ghost is moderately damaged.
Mopl's ghost hits you.
* * * LOW HITPOINT WARNING * * *
You barely miss mopl's ghost.
Mopl's ghost is moderately damaged.
Mopl's ghost hits you!
You die...

##.########..#.##..........###...
.....†.......#..'..........# #...
.########.......#....).....# #...
......#.......#.#..........# #...
......#.......#.#..........# #...
......#............###########...
......'.########..## #.....
......#.#~)~~~~W.### #.....
#######.########@..# #.....
#.#.####...#.# #........
#.#.#........# #.###....
####).<#.#....### #.##.....
#........#........ #.#......
#.#......#.....##.# #.#..#... #
#......#....(.. #.#.###.#
......S..#.#....## #.#..#...
......!..#.#....# #......_.


You could see mopl's ghost.

Vanquished Creatures
  A bullfrog (D:3)
  Natasha (D:3)
  A gnoll (D:1)
  6 adders
  2 worms (D:2)
  A dart slug (D:2)
  An orc (D:3)
  8 ball pythons
  8 bats
  8 endoplasms
  5 giant cockroaches
  5 goblins
  5 hobgoblins
  4 jackals (D:1)
  5 quokkas
  3 frilled lizards
  6 kobolds
  9 rats
79 creatures vanquished.

Vanquished Creatures (others)
  6 plants
6 creatures vanquished.

Grand Total: 85 creatures vanquished

Notes
Turn   | Place    | Note
-------+----------+-------------------------------------------
     0 | D:1      | khekkus the Hill Orc Fighter began the quest for the Orb.
     0 | D:1      | Reached XP level 1. HP: 19/19 MP: 1/1
   198 | D:1      | Reached skill level 3 in Axes
   219 | D:1      | Reached XP level 2. HP: 27/27 MP: 2/2
   356 | D:1      | Reached XP level 3. HP: 13/33 MP: 3/3
   765 | D:1      | Reached skill level 4 in Axes
  1326 | D:2      | Reached XP level 4. HP: 27/40 MP: 4/4
  1487 | D:2      | Found Xojoy's Book Emporium.
  1663 | D:2      | Identified the ring of Keot {Ice rCorr Str+6 Dex-4}
  2088 | D:2      | Found a faded altar of an unknown god.
  2248 | D:3      | Found a radiant altar of Vehumet.
  2347 | D:3      | Found a runed translucent door.
  2370 | D:3      | Reached XP level 5. HP: 44/47 MP: 5/5
  2419 | D:3      | Reached skill level 5 in Axes
  2419 | D:3      | Reached skill level 1 in Throwing
  2573 | D:3      | Noticed Natasha
  2583 | D:3      | Killed Natasha
  2834 | D:3      | Noticed mopl's ghost (amateur PaFi)
  2847 | D:3      | Reached XP level 6. HP: 39/55 MP: 6/6
  2855 | D:3      | Slain by mopl's ghost

Illustrated notes

Levels and vault maps discovered:
D:1:      dpeg_cavernosity, layout_basic, serial_forest,
          infiniplex_forest_corner_1, infiniplex_forest_clump_C,
          infiniplex_forest_end_2, infiniplex_forest_lined_ring,
          infiniplex_forest_lined_3, infiniplex_forest_clump_diagonal
D:2:      layout_basic, serial_shops, shop, shapermc_ecumenical_altar_ellora,
          serial_forest, infiniplex_forest_corner_2,
          infiniplex_forest_lined_room_2, infiniplex_forest_clump_curved,
          infiniplex_forest_straight_2, infiniplex_forest_clump_small,
          infiniplex_forest_corner_1
D:3:      layout_basic, okawaru_trees_1, vehumet_crystals,
          ebering_ghost_sewer_d, gup_sewer_entry_spiral, minmay_divided_ellipse,
          uniq_natasha

Skill      XL: |  1  2  3  4  5 |
---------------+----------------+-----
Axes           | 3 4 5 |  5.7
Fighting       | 4 |  4.9
Armour         | 4 |  4.4
Throwing       | 1 |  1.5
Shields        | |  3.2

Action                   |  1- 3 |  4- 6 || total
-------------------------+-------+-------++-------
Melee: War axe           |    99 |   127 ||   226
  Use: Scroll            |       |     7 ||     7
       Potion            |       |     2 ||     2
Armor: Scale mail        |    45 |    63 ||   108
Dodge: Dodged            |    63 |    60 ||   123
Block: Buckler           |    27 |    29 ||    56
